 Dungeon Crawl Stone Soup version 0.30-a0-556-g0a0f5a245f (webtiles) character file.

Game seed: 7987013211257148217

15943 Bnni the Skirmisher (level 12, -3/94 HPs)
             Began as a Formicid Hexslinger on Dec 27, 2022.
             Was a High Priest of Okawaru.
             Engulfed by a cloud of flame (24 damage)
             ... on level 12 of the Dungeon.
             The game lasted 00:34:44 (13036 turns).

Bnni the Skirmisher (Formicid Hexslinger)          Turns: 13036, Time: 00:34:44

Health: -3/94      AC: 13    Str: 16    XL:     12   Next: 64%
Magic:  1/18       EV: 14    Int: 21    God:    Okawaru [*****.]
Gold:   842        SH: 16    Dex: 16    Spells: 6/17 levels left

rFire   . . .      SeeInvis +    v - +3 hand crossbow (drain)
rCold   . . .      Faith    .    g - +0 kite shield
rNeg    . . .      Spirit   .    E - +0 swamp dragon scales
rPois   +          Reflect  +    (helmet unavailable)
rElec   .          Harm     .    (no cloak)
rCorr   .          Rampage  .    a - +2 pair of gloves
Will    +....                    m - +0 pair of boots
Stlth   +                        i - amulet of reflection
HPRegen 0.35/turn                j - +6 ring of intelligence
MPRegen 0.16/turn                o - +4 ring of evasion

@: no status effects
A: permanent stasis, dig shafts and tunnels, antennae 3, four strong arms
a: Dig, Shaft Self, Renounce Religion, Heroism, Finesse, Duel


You were on level 12 of the Dungeon.
You worshipped Okawaru.
Okawaru was extremely pleased with you.
You visited 1 branch of the dungeon, and saw 12 of its levels.

You collected 842 gold pieces.

Inventory:

Hand Weapons
 v - a +3 hand crossbow of draining (weapon)
Missiles
 c - a throwing net
 t - a curare-tipped dart
Armour
 a - a +2 pair of gloves (worn)
 g - a +0 kite shield (worn)
 m - a +0 pair of boots (worn)
 E - +0 swamp dragon scales (worn)
Jewellery
 i - an amulet of reflection (around neck)
 j - a +6 ring of intelligence (left hand)
 o - a +4 ring of evasion (right hand)
 H - a ring of protection from cold
Wands
 F - a wand of quicksilver (14)
 G - a wand of digging (8)
Scrolls
 b - 5 scrolls of poison
 d - a scroll of acquirement {unknown}
 e - 2 scrolls of enchant armour
 f - 4 scrolls of teleportation {unknown}
 h - 4 scrolls of enchant weapon
 l - a scroll of silence
 p - a scroll of fog
 q - 2 scrolls of amnesia {unknown}
 s - a scroll of brand weapon {unknown}
 y - a scroll of vulnerability
 A - a scroll of immolation
Potions
 k - 2 potions of curing
 n - 3 potions of degeneration {unknown}
 r - a potion of flight {unknown}
 w - a potion of might {unknown}
 x - a potion of berserk rage {unknown}
 z - a potion of mutation {unknown}
 B - 2 potions of brilliance {unknown}
 C - 2 potions of lignification {unknown}


   Skills:
 + Level 8.6 Fighting
 * Level 11.4 Ranged Weapons
 + Level 5.6 Armour
 - Level 1.7 Dodging
 + Level 8.8 Shields
 - Level 3.0 Spellcasting
 - Level 10.0 Hexes
 - Level 2.0 Translocations
 - Level 3.0 Fire Magic
 + Level 8.4 Invocations


You had 6 spell levels left.
You knew the following spells:

 Your Spells              Type           Power      Damage    Failure   Level
a - Slow                  Hex            100%       N/A       1%          1
b - Inner Flame           Hex/Fire       30%        N/A       10%         3
c - Portal Projectile     Hex/Tloc       56%        N/A       12%         3
d - Cause Fear            Hex            22%        N/A       8%          4

Your spell library contained the following spells:

 Spells                   Type           Power      Damage    Failure   Level
 Apportation              Tloc           22%        N/A       21%         1
 Necrotise                Necr           12%        1d4       41%         1
 Kindle Blastsparks       Fire/Tloc/Air  20%        2d11      56%         3
 Ignite Poison            Fire/Tmut/Pois 7%         N/A       65%         3
 Freezing Cloud           Conj/Ice/Air   1%         6-21      100%        5
 Summon Small Mammal      Summ           Unusable   N/A       N/A         1

Dungeon Overview and Level Annotations

Branches:
Dungeon (12/15)            Temple (0/1) D:6            Lair (0/5) D:11
    Orc: D:9-12

Altars:
Dithmenos
Elyvilon
Gozag
Kikubaaqudgha
Makhleb
Okawaru
Qazlal
Ru
Sif Muna
Trog
Wu Jian
Xom
Zin
The Shining One

Shops:
D:9 *

Annotations:
D:12 3 runed translucent doors, Qomop's ghost, adept FoFi


Innate Abilities, Weirdness & Mutations

You cannot be hasted, slowed, berserked, paralysed or teleported.
You can dig through walls and to a lower floor.
You have a pair of large antennae on your head. (SInv)
Your four strong arms can wield two-handed weapons with a shield.


Message History

You block the boulder beetle's attack.
Casting: Slow (safe; 1% risk of failure)
Confirm with . or Enter, or press ? or * to list all spells.
Aiming: Slow (safe; 1% risk of failure)
Press: ? - help, Shift-Dir - straight line, f/p - boulder beetle
Aim: a boulder beetle (heavily wounded, inner flame, lightly drained, chance to affect: 45%)
The boulder beetle resists with some effort.
You block the boulder beetle's attack.
Casting: Slow (safe; 1% risk of failure)
Confirm with . or Enter, or press ? or * to list all spells.
Aiming: Slow (safe; 1% risk of failure)
Press: ? - help, Shift-Dir - straight line, f/p - boulder beetle
Aim: a boulder beetle (heavily wounded, inner flame, lightly drained, chance to affect: 45%)
The boulder beetle resists with some effort.
The boulder beetle barely misses you.
You shoot a bolt.
The bolt hits the boulder beetle but does no damage.
Flame seeps out of the boulder beetle.
You drain the boulder beetle.
The boulder beetle is severely wounded.
You block the boulder beetle's attack.
The boulder beetle is engulfed in blazing flames.
Flame seeps out of the boulder beetle.
The boulder beetle completely misses you.
You shoot a bolt. The bolt hits the boulder beetle!
Flame seeps out of the boulder beetle.
The boulder beetle is almost dead.
The boulder beetle is engulfed in blazing flames.
Flame seeps out of the boulder beetle.
The boulder beetle bites you!
You shoot a bolt.
The bolt barely misses the boulder beetle.
The boulder beetle completely misses you.
The boulder beetle closely misses you.
Unknown command.
You shoot a bolt. The bolt hits the boulder beetle!
Okawaru accepts your kill.
The boulder beetle explodes!
The fiery explosion engulfs you!!
* * * LOW HITPOINT WARNING * * *
You are engulfed in blazing flames.
You die...

###.....# #.......########
+.|.....'...†..#
#.......######.####### #......##
#........ ##
##.###......#######.#.####### .#
.............................
.#########....§§§................
..............§§@...)........)#.#
..#....##.}..#############.##.#)#
..#....##........ #####)##..[.
.......##..###### #{.........#
#.##.####..#{{# # #..........#
#.##.# #..##...{ #...........
#.##.# ...# #..{# #.............
#.##.# ###.# {##.# #...###.....o.
#.##.# #...###...# #... #.......


There were no monsters in sight!

Vanquished Creatures
  A catoblepas (D:12)
  3 boulder beetles
  5 two-headed ogres
  Nergalle (D:10)
  2 ugly things
  Joseph (D:8)
  Maggie (D:8)
  An unseen horror (D:10)
  2 trolls
  A wyvern (D:9)
  A shadow (D:11)
  Eustachio (D:5)
  8 yaks (D:9)
  2 wraiths
  10 vampire mosquitoes
  2 steam dragons
  Menkaure (D:5)
  2 acid dragons
  2 water moccasins
  A sky beast (D:7)
  4 black bears
  10 orc warriors
  An ice beast (D:8)
  3 ogres
  4 centaurs
  3 kobold brigands
  5 bullfrogs
  Blork the orc (D:5)
  2 gnoll sergeants
  A necrophage (D:8)
  5 scorpions
  4 wights (D:9)
  3 killer bees (D:7)
  3 howler monkeys (D:8)
  2 gnoll boudas
  A hound (D:5)
  8 orc priests
  3 jellies
  2 iguanas
  12 orc wizards
  19 gnolls
  A river rat (D:3)
  8 adders
  A shadow imp (D:5)
  A white imp (D:7)
  2 ufetubi
  A worm (D:3)
  4 dart slugs
  49 orcs
  5 endoplasms
  2 giant cockroaches
  4 hobgoblins
  2 jackals (D:1)
  A quokka (D:3)
  8 ball pythons
  2 bats (D:3)
  5 frilled lizards
  7 goblins
  13 kobolds
  7 rats
267 creatures vanquished.

Vanquished Creatures (others)
  5 plants (D:11)
5 creatures vanquished.

Grand Total: 272 creatures vanquished

Notes
Turn   | Place    | Note
-------+----------+-------------------------------------------
     0 | D:1      | Bnni the Formicid Hexslinger began the quest for the Orb.
     0 | D:1      | Reached XP level 1. HP: 15/15 MP: 2/2
    57 | D:1      | Reached XP level 2. HP: 8/21 MP: 1/3
   284 | D:1      | Reached XP level 3. HP: 8/26 MP: 5/5
   288 | D:1      | Learned a level 3 spell: Inner Flame
   879 | D:2      | You fall into a shaft and drop 1 floor!
  1220 | D:3      | Reached XP level 4. HP: 26/32 MP: 6/6
  1276 | D:3      | Reached skill level 1 in Fire Magic
  1547 | D:3      | Reached skill level 3 in Ranged Weapons
  1805 | D:3      | Reached XP level 5. HP: 37/38 MP: 7/7
  1874 | D:3      | Found a stormy altar of Qazlal.
  2205 | D:4      | Reached skill level 5 in Hexes
  2347 | D:4      | Reached XP level 6. HP: 44/44 MP: 5/9
  2563 | D:5      | Entered Level 5 of the Dungeon
  2563 | D:5      | Noticed an orc warrior
  2843 | D:4      | Killed an orc warrior
  2844 | D:4      | Reached skill level 4 in Ranged Weapons
  2844 | D:4      | Reached XP level 7. HP: 43/51 MP: 4/10
  3233 | D:4      | Learned a level 4 spell: Cause Fear
  3237 | D:4      | Learned a level 3 spell: Portal Projectile
  3711 | D:5      | Noticed Menkaure
  3726 | D:5      | Killed Menkaure
  3727 | D:5      | Reached XP level 8. HP: 15/58 MP: 5/12
  3835 | D:5      | Reached skill level 5 in Ranged Weapons
  3847 | D:5      | Noticed Blork the orc
  3850 | D:5      | Killed Blork the orc
  4013 | D:5      | Found an iron altar of Okawaru.
  4018 | D:5      | Became a worshipper of Warmaster Okawaru
  4193 | D:5      | Reached skill level 1 in Invocations
  4588 | D:5      | Noticed Eustachio
  4644 | D:5      | Killed Eustachio
  4645 | D:5      | Reached skill level 6 in Ranged Weapons
  4827 | D:6      | Reached XP level 9. HP: 54/65 MP: 13/13
  4885 | D:6      | Reached * piety under Okawaru
  4886 | D:6      | Reached skill level 1 in Shields
  4891 | D:6      | Reached skill level 1 in Translocations
  5156 | D:6      | Found a shimmering altar of Xom.
  5796 | D:6      | Reached skill level 5 in Fighting
  6030 | D:6      | Found a staircase to the Ecumenical Temple.
  6148 | D:7      | Reached ** piety under Okawaru
  6281 | D:7      | Reached skill level 7 in Ranged Weapons
  6530 | D:7      | Found a glowing silver altar of Zin.
  6766 | D:7      | Found an ornate altar of the Wu Jian Council.
  6835 | D:7      | Reached XP level 10. HP: 7/74 MP: 7/14
  7711 | D:8      | Noticed Joseph
  7721 | D:8      | Killed Joseph
  7721 | D:8      | Reached *** piety under Okawaru
  7722 | D:8      | Reached skill level 8 in Ranged Weapons
  8054 | D:8      | Reached skill level 5 in Invocations
  8129 | D:8      | Reached skill level 5 in Shields
  8305 | D:8      | Noticed Maggie
  8324 | D:8      | Killed Maggie
  8476 | D:8      | Found a shimmering blue altar of Sif Muna.
  8576 | D:9      | Noticed a boulder beetle
  8658 | D:8      | Killed a boulder beetle
  8658 | D:8      | Reached **** piety under Okawaru
  8659 | D:8      | Reached skill level 1 in Armour
  8773 | D:9      | Received a gift from Okawaru
  8969 | D:9      | Reached skill level 9 in Ranged Weapons
  9047 | D:9      | Reached XP level 11. HP: 64/83 MP: 5/15
  9459 | D:9      | Found a white marble altar of Elyvilon.
  9517 | D:9      | Found an opulent altar of Gozag.
  9591 | D:9      | Found Gozag's Platinum Reserve.
  9822 | D:9      | Reached ***** piety under Okawaru
  9972 | D:10     | Entered Level 10 of the Dungeon
  9975 | D:10     | Found a shadowy altar of Dithmenos.
  9993 | D:10     | Reached skill level 10 in Hexes
 10058 | D:10     | Found a faded altar of an unknown god.
 10058 | D:10     | Found a glowing golden altar of the Shining One.
 10066 | D:10     | Found a faded altar of an unknown god.
 10068 | D:10     | Found a bloodstained altar of Trog.
 10070 | D:10     | Found a sacrificial altar of Ru.
 10307 | D:10     | Noticed a two-headed ogre
 10334 | D:10     | Killed a two-headed ogre
 10401 | D:10     | Found an ancient bone altar of Kikubaaqudgha.
 10530 | D:10     | Found a burning altar of Makhleb.
 10532 | D:10     | Noticed a green death
 10914 | D:11     | Noticed Nergalle
 10920 | D:10     | Reached skill level 10 in Ranged Weapons
 10934 | D:11     | Noticed a boulder beetle
 10944 | D:10     | Killed Nergalle
 11099 | D:10     | Killed a boulder beetle
 11099 | D:10     | Received a gift from Okawaru
 11641 | D:11     | Noticed a two-headed ogre
 11664 | D:11     | Killed a two-headed ogre
 11665 | D:11     | Reached XP level 12. HP: 21/92 MP: 0/17
 11779 | D:11     | Noticed a two-headed ogre
 11827 | D:11     | Killed a two-headed ogre
 12084 | D:11     | Found a staircase to the Lair.
 12282 | D:12     | Found a runed translucent gate.
 12282 | D:12     | Found a runed translucent gate.
 12285 | D:12     | Found a runed translucent gate.
 12305 | D:12     | Noticed a skeletal warrior
 12487 | D:11     | Received a gift from Okawaru
 12488 | D:11     | Reached skill level 5 in Armour
 12747 | D:12     | Noticed a minotaur
 12749 | D:12     | Noticed Qomop's ghost (adept FoFi)
 12783 | D:12     | Reached skill level 11 in Ranged Weapons
 12953 | D:12     | Noticed a boulder beetle
 12953 | D:12     | Noticed a two-headed ogre
 12953 | D:12     | Noticed a two-headed ogre
 12953 | D:12     | Noticed a catoblepas
 12954 | D:12     | Noticed a two-headed ogre
 12959 | D:12     | Killed a two-headed ogre
 12960 | D:12     | Killed a two-headed ogre
 12961 | D:12     | Noticed a boulder beetle
 12970 | D:12     | Killed a catoblepas
 13036 | D:12     | Killed a boulder beetle
 13036 | D:12     | Engulfed by a cloud of flame

Illustrated notes

Levels and vault maps discovered:
D:1:      dpeg_arrival_tiny_k, layout_basic, st_stairs_3,
          minmay_misc_feat_diagonals
D:2:      layout_loops_ring, serial_shops, nicolae_shop_crystal,
          hellmonk_ecumenical_altar_zigzags, mrwooster_statue_mirror,
          serial_bayou_crossing
D:3:      minmay_spotlight, layout_basic, nicolae_qazlal_eye_of_the_storm,
          portal_sewer_entry_e, kennysheep_generic_room_12
D:4:      layout_rooms, nrook_campfire
D:5:      layout_layer_cave, okawaru_trees_1, uniq_blork_the_orc, uniq_menkaure,
          uniq_eustachio
D:6:      layout_basic, xom_confusion_cloud, minmay_temple_entry_stoned_glass
D:7:      layout_loops_corners, zin_statuary, nicolae_wu_jian_wuxing_cycle
D:8:      layout_loops_ring, led_sif_book, minmay_misc_feat_tiny, uniq_maggie,
          uniq_joseph
D:9:      layout_loops_ring, nicolae_gozag_zags_fifth_avenue,
          mainiacjoe_overflow_small_starburst
D:10:     layout_loops_ring, kiku_gazebo_pond_becter, makhleb_altar_promises_db,
          chequers_temple_overflow_minitemple,
          mainiacjoe_overflow_cross_hatched, nicolae_two_hexagons,
          nicolae_titane
D:11:     kennysheep_blocky_hall, layout_cave_pools,
          grunt_lair_entry_orc_guard_hut, serial_column_ruins,
          column_ruins_grid_1, column_ruins_grid_1, column_ruins_grid_1,
          hex_tiny, uniq_nergalle
D:12:     minmay_roctagon, layout_basic, david_orc_5,
          maelrawn_ghost_gauntlet_escape

Skill      XL: |  1  2  3  4  5  6  7  8  9 10 11 12 |
---------------+-------------------------------------+-----
Hexes          | 4 5 6 7 8 9 10 | 10.0
Fire Magic     | 1 2 3 |  3.0
Ranged Weapons | 3 4 6 7 9 10 11 | 11.4
Fighting       | 2 3 4 5 6 7 8 |  8.6
Spellcasting   | 2 3 |  3.0
Invocations    | 2 4 5 7 8 |  8.4
Shields        | 3 5 7 8 |  8.8
Translocations | 2 |  2.0
Armour         | 2 4 5 |  5.6
Dodging        | |  1.7

Action                   |  1- 3 |  4- 6 |  7- 9 | 10-12 || total
-------------------------+-------+-------+-------+-------++-------
 Fire: Sling             |   112 |   157 |   398 |    26 ||   693
       Shortbow          |       |       |       |   417 ||   417
       Hand crossbow     |       |       |       |    60 ||    60
 Cast: Slow              |     4 |    16 |    18 |    48 ||    86
       Inner Flame       |       |     7 |    23 |    40 ||    70
       Portal Projectile |       |       |     6 |     4 ||    10
       Cause Fear        |       |       |     2 |    21 ||    23
Invok: Heroism           |       |       |       |     3 ||     3
 Abil: Dig               |       |     2 |     1 |     2 ||     5
  Use: Potion            |       |     2 |     2 |     4 ||     8
       Scroll            |       |       |    10 |     3 ||    13
Armor: Robe              |     8 |    21 |    37 |     5 ||    71
       Swamp dragon scal |       |       |       |    51 ||    51
Dodge: Dodged            |    32 |    91 |   176 |   155 ||   454
Block: Other             |       |    12 |    50 |       ||    62
       Reflection        |       |       |     2 |    15 ||    17
       Kite shield       |       |       |    27 |   282 ||   309

Table legend: (Time is in decaauts)
 A = Elapsed time spent in this place.
 B = Non-inter-level travel time spent in this place.
 C = Inter-level travel time spent in this place.
 D = Time resting spent in this place.
 E = Time spent auto-exploring this place.
 F = Levels seen in this place.
 G = Mean time per level.
                   A        B        C        D        E       F      G
               +--------+--------+--------+--------+--------+-----+--------+
         Total |  13305 |  12873 |    432 |   2665 |   7428 |  12 | 1108.8 |
       Dungeon |  13305 |  12873 |    432 |   2665 |   7428 |  12 | 1108.8 |
               +--------+--------+--------+--------+--------+-----+--------+

Top non-repeatable levels by time:
     D:5: 1870 daAuts
    D:11: 1528 daAuts
     D:7: 1523 daAuts
     D:3: 1333 daAuts
     D:9: 1259 daAuts
     D:6: 1154 daAuts
    D:10: 1142 daAuts
     D:8: 1136 daAuts
     D:4: 995 daAuts
     D:1: 859 daAuts
    D:12: 464 daAuts
     D:2: 38 daAuts
